AoeStats
← Darchness

Fortress

510137745Analyzed
4v4 RM · 2d ago on Sep 29, 2026· 70m 57s· 8 players
Game mode
Random Map
Map size
Huge
Population
200
Speed
Normal
Resources
Standard
Victory
Conquest
Starting age
Dark Age
Ending age
Imperial Age
RankedLock teamsTeams togetherTeam positionsShared explorationLock speedFull tech treeHidden civsTurbo modeCheats
Victory
Defeat
🇩🇪 Burmese · Germany
1164
+14
🇫🇮 Cumans · Finland
1087
+17
🇹🇼 Italians · Taiwan
1078
+18
🇹🇼 Franks · Taiwan
1073
+17
🇨🇿 Britons · Czechia
1133
-17
🇵🇰 Persians · Pakistan
1125
-17
🇨🇳 Franks · China
1108
-16
🇵🇱 Mongols · Poland
1087
-16
NSN WAJID
9:34 Feudal Age
13:17 Castle Age
12:08 Wheelbarrow
11:21 Loom
12:11 Wheelbarrow
11:36 Horse Collar
11:43 Double-Bit Axe
14:44 Wheelbarrow
15:57 Hand Cart
21:05 Heavy Plow
21:19 Bow Saw
24:14 Scale Barding Armor
24:19 Forging
27:10 Forging
34:15 Imperial Age
31:53 Husbandry
32:04 Bloodlines
35:21 Cavalier
36:37 Chain Barding Armor
36:52 Iron Casting
36:28 Scale Mail Armor
35:53 Pikeman
36:34 Squires
36:19 Arson
37:22 Heavy Camel Rider
37:44 Savar
38:34 Halberdier
39:43 Gold Mining
40:25 Crop Rotation
41:05 Two-Man Saw
45:07 Plate Barding Armor
54:24 Elite War Elephant
55:26 Conscription
61:48 Blast Furnace
27岁电竞老年人
7:48 Feudal Age
11:47 Castle Age
10:04 Double-Bit Axe
17:30 Wheelbarrow
17:56 Bow Saw
19:39 Loom
21:09 Gold Mining
21:38 Hand Cart
25:58 Imperial Age
26:02 Forging
25:57 Scale Barding Armor
25:56 Husbandry
26:11 Cavalier
27:40 Iron Casting
27:54 Gold Shaft Mining
28:14 Paladin
30:16 Blast Furnace
29:32 Town Watch
30:10 Conscription
29:54 Chivalry
31:00 Chain Barding Armor
32:35 Plate Barding Armor
40:35 Caravan
40:37 Elite Throwing Axeman
43:32 Light Cavalry
53:42 Murder Holes
Darchness
2:08 Loom
7:29 Feudal Age
11:55 Castle Age
10:34 Double-Bit Axe
10:34 Horse Collar
19:33 Wheelbarrow
19:24 Bow Saw
20:18 Fletching
21:09 Bodkin Arrow
22:09 Hand Cart
22:31 Padded Archer Armor
22:30 Pikeman
luzAK-47
4:31 Loom
7:08 Feudal Age
9:13 Double-Bit Axe
9:34 Horse Collar
12:02 Castle Age
11:13 Loom
17:13 Loom
18:06 Gold Mining
21:49 Gold Shaft Mining
21:06 Stone Mining
21:52 Gold Shaft Mining
26:33 Imperial Age
25:28 Fletching
26:47 Bodkin Arrow
26:52 Padded Archer Armor
28:03 Elite Mangudai
30:48 Chemistry
30:08 Ballistics
29:52 Bracer
30:08 Leather Archer Armor
32:24 Heavy Cavalry Archer
33:29 Parthian Tactics
34:35 Parthian Tactics
36:47 Elite Skirmisher
39:20 Masonry
39:21 Fortified Wall
42:23 Caravan
42:28 Caravan
44:19 Siege Engineers
46:52 Forging
46:42 Scale Mail Armor
46:04 Pikeman
46:45 Squires
63:09 Drill
62:11 Heavy Scorpion
62:30 Light Cavalry
63:10 Husbandry
63:20 Bloodlines
LeoKiller225910
7:54 Feudal Age
11:39 Castle Age
9:24 Horse Collar
10:53 Loom
14:33 Gold Mining
16:23 Wheelbarrow
16:51 Town Watch
17:31 Padded Archer Armor
19:44 Bloodlines
20:26 Husbandry
21:40 Forging
21:41 Scale Barding Armor
22:06 Hand Cart
22:37 Stone Mining
24:29 Chain Barding Armor
25:14 Forging
26:59 Iron Casting
27:16 Gold Shaft Mining
30:21 Imperial Age
28:02 Herbal Medicine
29:12 Fletching
30:30 Cavalier
32:12 Blast Furnace
31:48 Plate Barding Armor
31:36 Conscription
32:18 Murder Holes
34:50 Pikeman
35:55 Scale Mail Armor
35:50 Halberdier
37:52 Chain Mail Armor
38:23 Squires
38:20 Bodkin Arrow
39:01 Elite Battle Elephant
40:54 Block Printing
41:17 Ballistics
41:57 Chemistry
42:28 Howdah
43:42 Town Patrol
43:17 Light Cavalry
44:31 Man-at-Arms
44:57 Gambesons
45:55 Plate Mail Armor
46:24 Masonry
46:25 Fortified Wall
45:57 Long Swordsman
46:43 Bracer
47:19 Coinage
46:35 Two-Handed Swordsman
47:31 Champion
49:03 Architecture
50:49 Caravan
51:21 Banking
54:25 Hussar
55:16 Arson
57:02 Capped Ram
58:54 Elite Skirmisher
62:53 Heavy Plow
69:48 Crop Rotation
70:00 Siege Engineers
70:06 Careening
69:57 Guard Tower
Monkidz
2:24 Loom
7:45 Feudal Age
12:49 Castle Age
10:40 Double-Bit Axe
10:49 Fletching
10:51 Gold Mining
11:39 Horse Collar
14:03 Bow Saw
22:25 Imperial Age
20:59 Stone Mining
21:06 Bodkin Arrow
21:12 Padded Archer Armor
22:24 Heavy Plow
23:01 Stone Shaft Mining
23:42 Wheelbarrow
23:44 Leather Archer Armor
23:58 Ballistics
26:14 Chemistry
26:22 Bracer
31:33 Conscription
34:09 Two-Man Saw
34:25 Hand Cart
35:42 Murder Holes
36:19 Ring Archer Armor
36:42 Elite Genoese Crossbowman
39:08 Bombard Tower
39:30 Town Watch
41:18 Pikeman
42:34 Scale Mail Armor
42:45 Forging
43:14 Squires
42:59 Arson
43:31 Chain Mail Armor
47:50 Town Patrol
48:27 Iron Casting
57:05 Elite Skirmisher
58:58 Thumb Ring
kukucdenss
8:14 Feudal Age
9:25 Loom
12:30 Castle Age
11:01 Double-Bit Axe
14:15 Bow Saw
16:47 Wheelbarrow
20:06 Fortified Wall
23:10 Hand Cart
27:02 Imperial Age
25:04 Husbandry
25:11 Scale Barding Armor
25:51 Forging
25:33 Gold Mining
26:12 Stone Mining
27:14 Cavalier
28:51 Chain Barding Armor
30:09 Iron Casting
30:28 Gold Shaft Mining
31:57 Plate Barding Armor
33:41 Blast Furnace
33:18 Sanctity
33:38 Pikeman
34:04 Gambesons
33:43 Paladin
35:07 Fletching
35:57 Halberdier
36:38 Squires
36:40 Scale Mail Armor
36:36 Bodkin Arrow
36:55 Caravan
44:26 Chain Mail Armor
47:47 Plate Mail Armor
50:21 Ballistics
51:01 Chemistry
51:37 Conscription
53:53 Siege Engineers
56:57 Light Cavalry
65:25 Illumination
65:28 Padded Archer Armor
TomJerry
2:10 Loom
8:05 Feudal Age
12:04 Castle Age
9:54 Double-Bit Axe
11:46 Horse Collar
12:57 Wheelbarrow
13:04 Bow Saw
13:18 Heavy Plow
16:08 Gold Mining
16:29 Man-at-Arms
18:37 Capped Ram
20:54 Long Swordsman
21:37 Stone Mining
22:12 Scale Mail Armor
22:56 Forging
23:54 Hand Cart
24:23 Pikeman
24:49 Arson
26:00 Iron Casting
25:40 Chain Mail Armor
27:37 Gold Shaft Mining
28:03 Chain Mail Armor
33:50 Imperial Age
34:05 Halberdier
34:45 Squires
34:06 Two-Handed Swordsman
37:01 Blast Furnace
36:31 Plate Mail Armor
36:04 Murder Holes
36:31 Ballistics
38:42 Two-Man Saw
39:37 Plate Mail Armor
41:30 Chemistry
41:04 Padded Archer Armor
40:55 Fletching
40:57 Siege Ram
42:52 Masonry
42:08 Champion
44:14 Cuman Mercenaries
44:15 Steppe Husbandry
43:35 Elite Kipchak
46:44 Elite Kipchak
53:06 Bodkin Arrow
53:27 Leather Archer Armor
53:28 Caravan
53:59 Coinage
53:39 Guilds
57:28 Ring Archer Armor
58:26 Banking
71:41 Scale Barding Armor
Connection lost

Rejoining the realm…

Still unreachable

The connection could not be restored.

Session expired

The server has moved on; the page needs a fresh start.